 Dungeon Crawl Stone Soup version 0.31.0-9-g3a7656b989 (webtiles) character file.

Game seed: 4531362846444655813

69 MackTheKnife the Conjurer (level 4, -5/34 HPs)
             Began as a Barachi Conjurer on Jan 24, 2024.
             Slain by Crazy Yiuf
             ... wielding a +4 quarterstaff of chaos
              (11 damage)
             ... on level 2 of the Dungeon.
             The game lasted 00:01:34 (2132 turns).

MackTheKnife the Conjurer (Barachi Conjurer)        Turns: 2132, Time: 00:01:34

Health: -5/34      AC:  2    Str:  8    XL:     4   Next: 20%
Magic:  4/8        EV: 12    Int: 18    God:
Gold:   125        SH:  0    Dex: 13    Spells: 6/9 levels left

rFire   . . .        k - +1 dagger (flame) {short}
rCold   . . .        (no shield)
rNeg    . . .        a - +0 robe
rPois   .            (no helmet)
rElec   .            (no cloak)
rCorr   .            (no gloves)
SInv    .            (no boots)
Will    .....        (no amulet)
Stlth   ++           (no ring)
HPRegen 0.25/turn    (no ring)
MPRegen 0.11/turn

%: no passive effects
@: slow
A: amphibious, slowness 1, strong legs 1, +LOS
a: Hop


You were on level 2 of the Dungeon.
You visited 1 branch of the dungeon, and saw 2 of its levels.

You collected 125 gold pieces.


Innate Abilities, Weirdness & Mutations

You are amphibious.
You cover ground slowly.
You can hop short distances.
You have an extended range of vision and can be seen from far away.


   Skills:
 + Level 2.4 Fighting
 - Level 2.1 Dodging
 - Level 1.7 Stealth
 + Level 3.1 Spellcasting
 + Level 5.0 Conjurations


You had 6 spell levels left.
You knew the following spells:

 Your Spells              Type           Power      Damage    Failure   Level
a - Magic Dart            Conj           80%        1d7       1%          1
b - Searing Ray           Conj           40%        2d5       3%          2

Your spell library contained the following spells:

 Spells                   Type           Power      Damage    Failure   Level
 Fulminant Prism          Conj/Alch      5%         3d7       50%         4
 Iskenderun's Mystic Bla  Conj/Tloc      11%        2d4       50%         4

Inventory:

Hand Weapons
 h - a +2 short sword of holy wrath {short}
   (You took it off a kobold on level 2 of the Dungeon)
 k - a +1 dagger of flaming (weapon) {short}
   (You found it on level 2 of the Dungeon)
Missiles
 j - 6 poisoned darts {throwing}
Armour
 a - a +0 robe (worn)
Scrolls
 d - a scroll of vulnerability {unknown}
 e - a scroll of poison {unknown}
 f - 3 scrolls of identify {unknown}
 i - a scroll of teleportation {unknown}
Potions
 b - 2 potions of magic
 c - a potion of degeneration {unknown}
 g - a potion of might {unknown}

Dungeon Overview and Level Annotations

Branches:
Dungeon (2/15) Zot: 9585

Altars:
Yredelemnul

Annotations:
D:2 Crazy Yiuf

# ####.........# #
#.........# #
#.........# #
########### # ###♣♣♣♣♣
##....♣.♣♣♣ ###
#######...PP.♣..♣#...#
............♣♣♣♣@g...#
#####.#....♣♣ ♣♣#..)#
#.####♣♣ ### #.# #.#
#.# #### #.# #..# ###
#.# #..# ..# #.# #..#


You could see Crazy Yiuf.


Message History

😎 MP[+3]
Your mp is fully restored (8).
A frilled lizard is nearby!
A frilled lizard is nearby!
Your +2 short sword of holy wrath {short} stops glowing.
Your +1 dagger of flaming {short} bursts into flame!
k - a +1 dagger of flaming (weapon)
{short} You miscast Magic Dart.
You are very lightly contaminated with residual magic.
Nothing appears to happen. 😎 MP[-1]
You lost 1 mp, and now have 7/8 mp.
The magic dart hits the frilled lizard.
You kill the frilled lizard! 😎 MP[-1]
You lost 1 mp, and now have 6/8 mp.
You can't see any susceptible monsters within range! (Use Z to cast anyway.)
You can't see any susceptible monsters within range! (Use Z to cast anyway.)
Your magical contamination has completely faded away.
Key pressed, stopping explore.
You see here a +0 dagger {short}.
Key pressed, stopping explore.
A kobold comes into view. It is wielding a +0 whip. 😎 MP[+2]
Your mp is fully restored (8).
You can't see any susceptible monsters within range! (Use Z to cast anyway.)
You can't see any susceptible monsters within range! (Use Z to cast anyway.)
You can't see any susceptible monsters within range! (Use Z to cast anyway.)
A kobold is nearby!
You can't see any susceptible monsters within range! (Use Z to cast anyway.)
You can't see any susceptible monsters within range! (Use Z to cast anyway.)
You can't see any susceptible monsters within range! (Use Z to cast anyway.)
The magic dart hits the kobold but does no damage.
The kobold shouts! 😎 MP[-1]
You lost 1 mp, and now have 7/8 mp.
The magic dart hits the kobold.
You kill the kobold! 😎 MP[-1]
You lost 1 mp, and now have 6/8 mp.
You can't see any susceptible monsters within range! (Use Z to cast anyway.)
You can't see any susceptible monsters within range! (Use Z to cast anyway.) Key pressed, stopping explore.
Things that are here:
a +0 whip {mace}; a stone {throwing}; a kobold corpse Key pressed, stopping explore.
A hobgoblin comes into view.
The hobgoblin shouts!
A kobold comes into view. It is wielding a +0 dagger. 😎 MP[+2]
Your mp is fully restored (8).
There are monsters nearby!
The magic dart hits the hobgoblin. 😎 MP[-1]
You lost 1 mp, and now have 7/8 mp.
The magic dart hits the hobgoblin.
You kill the hobgoblin! 😎 MP[-1]
You lost 1 mp, and now have 6/8 mp.
The magic dart hits the kobold.
You kill the kobold! 😎 MP[-1]
You lost 1 mp, and now have 5/8 mp.
You can't see any susceptible monsters within range! (Use Z to cast anyway.)
You can't see any susceptible monsters within range! (Use Z to cast anyway.) Key pressed, stopping explore.
Key pressed, stopping explore.
Key pressed, stopping explore.
You see here a +0 mace {mace}.
There is a stone staircase leading down here.
Crazy Yiuf shouts!
Crazy Yiuf grits, "Whiteboard!
Tonal canine hand." 😎 MP[+3]
Your mp is fully restored (8).
Press: ? - help, v - describe, . - travel
Here: Crazy Yiuf, wielding a +4 quarterstaff of chaos and wearing a +0 cloak (fire blocked by a runed translucent door)
The floor.
You open the door.
Casting: Magic Dart (safe; 1% risk of failure)
Confirm with . or Enter, or press ? or * to list all spells.
Aiming: Searing Ray (safe; 3% risk of failure)
Press: ? - help, Shift-Dir - straight line, f - Crazy Yiuf
Aim: Crazy Yiuf, wielding a +4 quarterstaff of chaos and wearing a +0 cloak (81% to hit)
The searing ray hits Crazy Yiuf. (Press . to maintain the ray.) Crazy Yiuf cries, "Fluff!"
Crazy Yiuf closely misses you. 😎 MP[-2]
You lost 2 mp, and now have 6/8 mp.
The searing ray hits Crazy Yiuf.
Crazy Yiuf hits you with a +4 quarterstaff of chaos!
You are electrocuted!
* * * LOW HITPOINT WARNING * * *
😱 HP[-28] MP[-1]
You take 28 damage, and now have 6/34 hp.
MASSIVE DAMAGE!! (PAUSE)
You lost 1 mp, and now have 5/8 mp.
The searing ray hits Crazy Yiuf.
Crazy Yiuf hits you with a +4 quarterstaff of chaos!
You die...

Skill      XL: |  1  2  3  4 |
---------------+-------------+-----
Fighting       | 2 |  2.4
Spellcasting   | 3 |  3.1
Conjurations   | 5 |  5.0
Dodging        | |  2.1
Stealth        | |  1.7

Action                     |  1- 3 |  4- 6 || total
---------------------------+-------+-------++-------
  Melee: Unarmed           |    23 |       ||    23
         Short sword       |       |     4 ||     4
   Cast: Magic Dart        |    43 |    18 ||    61
         Searing Ray       |       |     1 ||     1
 Armour: Robe              |    21 |     5 ||    26
  Dodge: Dodged            |    23 |     2 ||    25

Levels and vault maps discovered:
D:1:      lightli_arrival_lavapool, layout_basic, serial_rivers,
          chequers_serial_rivers_marsh, chequers_serial_rivers_micro_a,
          chequers_serial_rivers_micro_e, chequers_serial_rivers_marsh,
          chequers_serial_rivers_micro_c, chequers_serial_rivers_micro_c
D:2:      layout_loops_ring, basic_altar, serial_glass, glass_columns_a,
          glass_columns_a, glass_columns_b, glass_columns_b, glass_columns_a,
          glass_columns_c, uniq_jessica, uniq_crazy_yiuf_cottage

Notes
Turn   | Place    | Note
-------+----------+-------------------------------------------
     0 | D:1      | MackTheKnife the Barachi Conjurer began the quest for the
                  | Orb.
     0 | D:1      | Reached XP level 1. HP: 13/13 MP: 3/3
     0 | D:1      | magus.rc [v1.9.6]
   113 | D:1      | Reached XP level 2. HP: 20/20 MP: 0/5
   128 | D:1      | Reached skill level 1 in Fighting
   196 | D:1      | Learned a level 2 spell: Searing Ray
  1072 | D:2      | Noticed Jessica
  1078 | D:1      | Killed Jessica
  1079 | D:1      | Reached skill level 2 in Fighting
  1079 | D:1      | Reached XP level 3. HP: 21/27 MP: 0/7
  1256 | D:2      | Reached skill level 3 in Spellcasting
  1384 | D:2      | Reached XP level 4. HP: 33/33 MP: 6/8
  1463 | D:2      | Found a basalt altar of Yredelemnul.
  1645 | D:2      | Reached skill level 5 in Conjurations
  1779 | D:2      | Found a runed translucent door.
  1780 | D:2      | Noticed Crazy Yiuf
  2131 | D:2      | HP: 6/34 [Crazy Yiuf/+4 quarterstaff of chaos (15)]
  2132 | D:2      | Slain by Crazy Yiuf

Vanquished Creatures
  Jessica (D:1)
  2 dart slugs
  2 ribbon worms (D:2)
  4 ball pythons
  2 endoplasms
  A giant cockroach (D:2)
  2 goblins
  4 hobgoblins
  4 jackals (D:1)
  6 kobolds
  A bat (D:2)
  2 frilled lizards (D:2)
  2 rats
33 creatures vanquished.

Table legend:
 A = Non-vault XP
 B = Vault XP
 C = Vault XP percentage of total XP
 D = Non-vault monster count
 E = Vault monster count
 F = Vault count percentage of total count
                 A         B        C        D         E       F
            +---------+---------+-------+---------+---------+-------
      Total |      62 |      37 |  37.4 |      32 |       1 |   3.0
            +---------+---------+-------+---------+---------+-------
        D:1 |      27 |      37 |  57.8 |      13 |       1 |   7.1
        D:2 |      35 |       0 |   0.0 |      19 |       0 |   0.0
            +---------+---------+-------+---------+---------+-------

Skill      XL: |  1  2  3  4 |
---------------+-------------+-----
Fighting       | 2 |  2.4
Spellcasting   | 3 |  3.1
Conjurations   | 5 |  5.0
Dodging        | |  2.1
Stealth        | |  1.7

Action                     |  1- 3 |  4- 6 || total
---------------------------+-------+-------++-------
  Melee: Unarmed           |    23 |       ||    23
         Short sword       |       |     4 ||     4
   Cast: Magic Dart        |    43 |    18 ||    61
         Searing Ray       |       |     1 ||     1
 Armour: Robe              |    21 |     5 ||    26
  Dodge: Dodged            |    23 |     2 ||    25

Illustrated notes

Table legend:
 A = Kills in this place as a percentage of kills in the entire game.
 B = Kills by you in this place as a percentage of kills by you in the entire game.
 C = Kills by friends in this place as a percentage of kills by friends in the entire game.
 D = Other kills in this place as a percentage of other kills in the entire game.
 E = Experience gained in this place as a percentage of experience gained in the entire game.
 F = Experience gained in this place divided by the number of levels of this place that you have seen.
                   A       B       C       D       E      F
               +-------+-------+-------+-------+-------+----------------------
         Total | 100.0 | 100.0 |   N/A |   N/A | 100.0 |  49.5
       Dungeon | 100.0 | 100.0 |   N/A |   N/A | 100.0 |  49.5
               +-------+-------+-------+-------+-------+----------------------

Table legend: (Time is in decaauts)
 A = Elapsed time spent in this place.
 B = Non-inter-level travel time spent in this place.
 C = Inter-level travel time spent in this place.
 D = Time resting spent in this place.
 E = Time spent auto-exploring this place.
 F = Levels seen in this place.
 G = Mean time per level.
                   A        B        C        D        E       F      G
               +--------+--------+--------+--------+--------+-----+--------+
         Total |   2413 |   2354 |     59 |    111 |   2060 |   2 | 1206.5 |
       Dungeon |   2413 |   2354 |     59 |    111 |   2060 |   2 | 1206.5 |
               +--------+--------+--------+--------+--------+-----+--------+

Top non-repeatable levels by time:
     D:1: 1296 daAuts
     D:2: 1116 daAuts
